 Dungeon Crawl Stone Soup version 0.28-a0-1567-g1695149f81 (webtiles) character file.

Game seed: 11238646142753102113

53 issech the Ducker (level 3, 0/36 HPs)
             Began as a Troll Fighter on Jan 19, 2022.
             Slain by an orc wizard (4 damage)
             ... on level 3 of the Dungeon.
             The game lasted 00:06:27 (1638 turns).

issech the Ducker (Troll Fighter)                   Turns: 1638, Time: 00:06:27

Health: 0/36       AC:  4    Str: 24    XL:     3   Next: 64%
Magic:  11/11      EV:  9    Int:  4    God:
Gold:   82         SH:  0    Dex: 17    Spells: 2/2 levels left

rFire   . . .      SeeInvis .   a - +0 flail
rCold   . . .      Faith    .   c - +0 kite shield
rNeg    . . .      Spirit   .   b - +0 robe
rPois   .          Reflect  .   (helmet restricted)
rElec   .          Harm     .   (no cloak)
rCorr   .          Rampage  .   (gloves unavailable)
Will    .....                   (boots unavailable)
Stlth   +.........              (no amulet)
HPRegen 0.92/turn               l - +6 ring of dexterity
MPRegen 0.12/turn               m - ring of magical power

@: confused
A: large, unfitting armour, claws 3, regeneration 1, shaggy fur 1, tough skin 1
a: no special abilities


You were on level 3 of the Dungeon.
You visited 1 branch of the dungeon, and saw 3 of its levels.

You collected 82 gold pieces.

Inventory:

Hand Weapons
 a - a +0 flail (weapon)
 k - a +1 short sword of freezing
Missiles
 g - 36 stones (quivered)
 n - a throwing net
 p - 19 bolts
Armour
 b - a +0 robe (worn)
 c - a +0 kite shield (worn)
Jewellery
 l - a +6 ring of dexterity (left claw)
 m - a ring of magical power (right claw)
Scrolls
 f - 3 scrolls of identify {unknown}
 h - 2 scrolls of enchant weapon {unknown}
 j - a scroll of brand weapon {unknown}
 o - a scroll of fear {unknown}
Potions
 d - 2 potions of might
 e - a potion of degeneration {unknown}
 i - a potion of curing {unknown}


   Skills:
 + Level 2.6 Fighting
 + Level 2.6 Maces & Flails
 + Level 2.8 Dodging
 + Level 2.8 Shields


You had 2 spell levels left.
You didn't know any spells.
Your spell library contained the following spells:

 Spells                   Type           Power      Damage    Failure   Level
 Freeze                   Ice            0%         1d3       80%         1
 Frozen Ramparts          Ice            0%         1d2       99%         3
 Ozocubu's Armour         Ice            0%         N/A       99%         3
 Animate Dead             Necr           0%         N/A       100%        4
 Hailstorm                Conj/Ice       0%         3d3       100%        4
 Metabolic Englaciation   Hex/Ice        0%         N/A       100%        5
 Simulacrum               Ice/Necr       0%         N/A       100%        6
 Haunt                    Necr/Summ      0%         N/A       100%        7
 Infestation              Necr           0%         N/A       100%        8


Dungeon Overview and Level Annotations

Branches:
Dungeon (3/15)

Altars:

Shops:
D:1 *

Annotations:
D:3 Terence


Innate Abilities, Weirdness & Mutations

You are too large for most types of armour.
You have claws for hands.
Your natural rate of healing is unusually fast.
You are covered in fur. (AC +1)
You have tough skin. (AC +1)


Message History

The orc wizard closely misses you.
The orc priest casts a cantrip, but nothing happens.
The frilled lizard hisses angrily.
You sock the orc wizard!
The orc wizard is heavily wounded.
The orc priest calls down the wrath of Beogh upon you.
Beogh smites you!
You hit the orc wizard.
The orc wizard is severely wounded.
The orc wizard gestures wildly while chanting.
The orc wizard flickers and vanishes!
Deactivating autopickup; reactivate with Ctrl-A.
You hear some strange, mumbled words.
A puff of flame appears from out of thin air!
The puff of flame hits you!
You miss something. Something hits you. Something freezes you.
You miss something. You block something's attack. You block the orc's attack.
You closely miss something. Something hits you. Something freezes you.
The orc hits you but does no damage.
You hear some strange, mumbled words.
A puff of flame appears from out of thin air!
You block the puff of flame. The orc hits you with a +0 dagger.
You closely miss something. Something hits you. Something freezes you.
The orc hits you with a +0 dagger.
You hit something. Something hits you.
* * * LOW HITPOINT WARNING * * *
Something freezes you.
* * * LOW HITPOINT WARNING * * *
The orc barely misses you. Something hits you.
* * * LOW HITPOINT WARNING * * *
Something freezes you.
* * * LOW HITPOINT WARNING * * *
The orc hits you but does no damage.
You barely miss something.
You hear some strange, mumbled words.
You are confused.
The orc hits you but does no damage.
The frilled lizard hisses.
You bump into the rock wall.
Something hits you.
You die...

##################
...............{@#
################o#
#o# #o#


ol# .@# .... ...# ....# You could see Terence, an orc priest, 3 orcs and a
frilled lizard.

Vanquished Creatures
  A worm (D:2)
  A dart slug (D:2)
  2 ball pythons (D:1)
  3 endoplasms (D:2)
  2 giant cockroaches
  8 goblins
  2 hobgoblins (D:2)
  3 jackals (D:2)
  9 kobolds
  A quokka (D:1)
  5 bats
  A frilled lizard (D:1)
  3 rats
41 creatures vanquished.

Notes
Turn   | Place    | Note
-------+----------+-------------------------------------------
     0 | D:1      | issech the Troll Fighter began the quest for the Orb.
     0 | D:1      | Reached XP level 1. HP: 22/22 MP: 0/0
   216 | D:1      | Found Lutaif's General Store.
   300 | D:1      | Reached XP level 2. HP: 29/29 MP: 1/1
   531 | D:1      | Found a faded altar of an unknown god.
   901 | D:2      | Reached XP level 3. HP: 36/36 MP: 2/2
  1621 | D:3      | Noticed Terence
  1636 | D:3      | HP: 1/36 [something (1)]
  1638 | D:3      | Slain by an orc wizard

Illustrated notes

Levels and vault maps discovered:
D:1:      sevenhm_arrival_forest_fort_small_3, layout_loops_ring,
          nicolae_ecumenical_snake_handling, serial_shops, shop
D:2:      layout_loops_cross
D:3:      layout_basic, uniq_terence, uniq_crazy_yiuf_cottage

Skill      XL: |  1  2 |
---------------+-------+-----
Maces & Flails | 2 |  2.6
Fighting       | |  2.6
Dodging        | |  2.8
Shields        | |  2.8

Action                   || total
-------------------------++-------
Melee: Flail             ||   168
Armor: Robe              ||    87
Dodge: Dodged            ||    92
Block: Kite shield       ||    98

Table legend: (Time is in decaauts)
 A = Elapsed time spent in this place.
 B = Non-inter-level travel time spent in this place.
 C = Inter-level travel time spent in this place.
 D = Time resting spent in this place.
 E = Time spent auto-exploring this place.
 F = Levels seen in this place.
 G = Mean time per level.
                   A        B        C        D        E       F      G
               +--------+--------+--------+--------+--------+-----+--------+
         Total |   1708 |   1694 |     14 |      0 |    933 |   3 |  569.3 |
       Dungeon |   1708 |   1694 |     14 |      0 |    933 |   3 |  569.3 |
               +--------+--------+--------+--------+--------+-----+--------+

Top non-repeatable levels by time:
     D:2: 915 daAuts
     D:1: 752 daAuts
     D:3: 41 daAuts
